[Event "Slovakia Open Piestany-A 2022"]
[Site "Piestany"]
[Date "2022.07.13"]
[Round "3.24"]
[White "Aradhya, Garg"]
[Black "Warchol, Kamil"]
[Result "0-1"]
[ECO "A11"]
[WhiteElo "2229"]
[BlackElo "2121"]
[Annotator "ChessBase"]
[PlyCount "124"]
[EventDate "2022.07.12"]
[EventType "swiss"]
[EventCountry "SVK"]
[SourceTitle "playchess.com"]
[Source "ChessBase"]
[SourceQuality "1"]
[TimeControl "40/5400+30:1800+30"]

1. Nf3 d5 2. g3 Nf6 3. Bg2 c6 4. O-O Bf5 5. c4 e6 6. d3 h6 7. Nc3 Nbd7 8. cxd5 cxd5 9. e4 dxe4 10. dxe4 Nxe4 11. Nd4 Ndc5 12. Nxe4 Bxe4 13. Bxe4 Nxe4 14. Qa4+ Qd7 15. Nb5 Rc8 16. Rd1 Qc6 17. Be3 a6 18. Rac1 Nc5 19. Bxc5 axb5 20. Qf4 Bxc5 21. b4 Bxf2+ 22. Kxf2 Qb6+ 23. Ke2 Rxc1 24. Rxc1 O-O 25. Qe3 Qa6 26. a3 Ra8 27. Qd3 Qb6 28. Rc5 Rd8 29. Rxb5 Qc7 30. Rc5 Qb8 31. Qc3 Qa8 32. Kf2 Re8 33. Rc7 Qa7+ 34. Qe3 Qa6 35. Kg2 b5 36. Qa7 Ra8 37. Qxa6 Rxa6 38. Rc3 Kf8 39. Kf3 Ke7 40. Ke4 Kd7 41. g4 Rc6 42. Rf3 Rc4+ 43. Kd3 f6 44. h3 e5 45. Rf1 Ke6 46. Ra1 Kd5 47. Ra2 g6 48. a4 Rxb4 49. axb5 Rxb5 50. Ra6 e4+ 51. Kc3 Ke5 52. Ra8 Rc5+ 53. Kd2 Kf4 54. Rg8 Rg5 55. Ra8 f5 56. Rh8 h5 57. gxf5 gxf5 58. h4 Rg2+ 59. Kd1 Kf3 60. Rxh5 f4 61. Rg5 Rg4 62. Ke1 Rxh4 0-1

[Event "Slovakia Open Piestany-A 2022"]
[Site "Piestany"]
[Date "2022.07.13"]
[Round "3.26"]
[White "Zvarik, Martin"]
[Black "Balint, Peter"]
[Result "0-1"]
[ECO "C20"]
[WhiteElo "2213"]
[BlackElo "2051"]
[Annotator "ChessBase"]
[PlyCount "48"]
[EventDate "2022.07.12"]
[EventType "swiss"]
[EventCountry "SVK"]
[SourceTitle "playchess.com"]
[Source "ChessBase"]
[SourceQuality "1"]
[TimeControl "40/5400+30:1800+30"]

1. e4 e5 2. b3 Nf6 3. Qe2 Nc6 4. Bb2 Bc5 5. Nf3 d6 6. h3 O-O 7. g3 d5 8. exd5 Nxd5 9. Bg2 Re8 10. O-O e4 11. Ne1 e3 12. dxe3 Nxe3 13. fxe3 Bxe3+ 14. Kh1 Bd4 15. Bxd4 Rxe2 16. Bc3 Be6 17. Na3 Qd7 18. g4 Qd6 19. Nc4 Qg3 20. Rf3 Qh4 21. Ne3 Qg5 22. Nd3 Re8 23. Raf1 Rxe3 24. Bd2 Bd5 0-1

[Event "Slovakia Open Piestany-A 2022"]
[Site "Piestany"]
[Date "2022.07.13"]
[Round "3.27"]
[White "Gyerpal, Adrian"]
[Black "Pennica, Andrea"]
[Result "1-0"]
[ECO "A49"]
[WhiteElo "2193"]
[BlackElo "1986"]
[Annotator "ChessBase"]
[PlyCount "55"]
[EventDate "2022.07.12"]
[EventType "swiss"]
[EventCountry "SVK"]
[SourceTitle "playchess.com"]
[Source "ChessBase"]
[SourceQuality "1"]
[TimeControl "40/5400+30:1800+30"]

1. Nf3 Nf6 2. g3 c5 3. c4 g6 4. Bg2 Bg7 5. O-O O-O 6. d4 e6 7. Nc3 Re8 8. dxc5 Na6 9. Qc2 Nxc5 10. e4 b6 11. e5 Ng4 12. h3 Nh6 13. Bg5 Re7 14. Bxe7 Qxe7 15. b4 Na6 16. a3 Bb7 17. Nb5 Rf8 18. Rad1 Bxf3 19. Bxf3 Bxe5 20. Qd2 Nf5 21. Qxd7 Qg5 22. Bg2 Nb8 23. Qd3 Qf6 24. Nxa7 Qe7 25. Nb5 h5 26. Qe4 Bg7 27. Qb7 Qg5 28. Qxb6 1-0

[Event "Slovakia Open Piestany-A 2022"]
[Site "Piestany"]
[Date "2022.07.13"]
[Round "3.28"]
[White "Drtina, Milan"]
[Black "Saravanan Durga"]
[Result "1-0"]
[ECO "B30"]
[WhiteElo "2167"]
[BlackElo "1908"]
[Annotator "ChessBase"]
[PlyCount "168"]
[EventDate "2022.07.12"]
[EventType "swiss"]
[EventCountry "SVK"]
[SourceTitle "playchess.com"]
[Source "ChessBase"]
[SourceQuality "1"]
[TimeControl "40/5400+30:1800+30"]

1. e4 c5 2. c4 Nc6 3. Nf3 e5 4. Nc3 Nge7 5. d3 d6 6. g3 g6 7. Bg2 Bg7 8. Be3 O-O 9. Qd2 Nd4 10. h4 Bg4 11. Nh2 Qd7 12. f3 Bh3 13. g4 Bxg2 14. Qxg2 a6 15. h5 b5 16. b3 Nec6 17. Nd5 Nb4 18. Nxb4 cxb4 19. Bxd4 exd4 20. Nf1 Be5 21. Qd2 bxc4 22. bxc4 a5 23. f4 Bh8 24. Qg2 a4 25. Nd2 Rfb8 26. Ke2 Qe7 27. g5 Qe6 28. Qh2 Qe7 29. hxg6 fxg6 30. f5 gxf5 31. g6 Be5 32. Qxh7+ Qxh7 33. gxh7+ Kh8 34. exf5 Ra7 35. Kf3 Rxh7 36. Ke4 Rxh1 37. Rxh1+ Kg7 38. Nf3 b3 39. axb3 Rxb3 40. Nxd4 Bxd4 41. Kxd4 a3 42. Ra1 Kf6 43. Ke4 Rc3 44. Ra2 Rb3 45. Ra1 Rc3 46. Ke3 Kxf5 47. Kd2 Rb3 48. Kc2 Rb6 49. Rxa3 Ke6 50. Ra7 Rc6 51. Kc3 Rb6 52. d4 Rb1 53. d5+ Kf6 54. Rd7 Rb6 55. Rc7 Ke5 56. Re7+ Kf6 57. Re6+ Kf7 58. Kd4 Ra6 59. Kd3 Rb6 60. Kc3 Kf8 61. c5 Rb5 62. cxd6 Rxd5 63. Kc4 Rd1 64. Kc5 Kf7 65. Re5 Rc1+ 66. Kb6 Kf6 67. Re8 Rd1 68. Kc7 Rc1+ 69. Kd8 Rd1 70. d7 Rc1 71. Re2 Kf7 72. Rf2+ Kg7 73. Rf4 Rc2 74. Ke7 Re2+ 75. Kd6 Rd2+ 76. Ke6 Kg8 77. Rf5 Rxd7 78. Kxd7 Kg7 79. Ke6 Kg6 80. Re5 Kg7 81. Rg5+ Kh6 82. Kf6 Kh7 83. Rh5+ Kg8 84. Rh1 Kf8 1-0

[Event "Slovakia Open Piestany-A 2022"]
[Site "Piestany"]
[Date "2022.07.13"]
[Round "3.29"]
[White "Nadzamova, Viktoria"]
[Black "Chlpik, Martin"]
[Result "1-0"]
[ECO "B28"]
[WhiteElo "2133"]
[BlackElo "2236"]
[Annotator "ChessBase"]
[PlyCount "63"]
[EventDate "2022.07.12"]
[EventType "swiss"]
[EventCountry "SVK"]
[SourceTitle "playchess.com"]
[Source "ChessBase"]
[SourceQuality "1"]
[TimeControl "40/5400+30:1800+30"]

1. e4 c5 2. Nf3 a6 3. d4 cxd4 4. Nxd4 Nf6 5. Nc3 e5 6. Nb3 Bb4 7. Bd3 d5 8. exd5 Nxd5 9. O-O Nxc3 10. bxc3 Bxc3 11. Ba3 b5 12. Qf3 Ra7 13. Bc5 Rd7 14. Rad1 Bb7 15. Qg3 Rg8 16. Be2 b4 17. Bg4 f5 18. Bxf5 Rxd1 19. Bg6+ hxg6 20. Qxg6+ Kd7 21. Rxd1+ Bd4 22. Nxd4 Bd5 23. Ne6 Qf6 24. Rxd5+ Kc8 25. Qg4 Nc6 26. Nf8+ Kb7 27. Qd7+ Kb8 28. Qe8+ Nd8 29. Rxd8+ Qxd8 30. Qxd8+ Kb7 31. Qb6+ Kc8 32. Bd6 1-0

[Event "Slovakia Open Piestany-A 2022"]
[Site "Piestany"]
[Date "2022.07.13"]
[Round "3.30"]
[White "Sosovickova, Jana"]
[Black "Skreko, Igor"]
[Result "1-0"]
[ECO "B90"]
[WhiteElo "1958"]
[BlackElo "2193"]
[Annotator "ChessBase"]
[PlyCount "79"]
[EventDate "2022.07.12"]
[EventType "swiss"]
[EventCountry "SVK"]
[SourceTitle "playchess.com"]
[Source "ChessBase"]
[SourceQuality "1"]
[TimeControl "40/5400+30:1800+30"]

1. e4 c5 2. Nf3 d6 3. d4 cxd4 4. Nxd4 Nf6 5. Nc3 a6 6. Bd3 e5 7. Nde2 Be6 8. O-O Be7 9. Ng3 Nbd7 10. Kh1 O-O 11. Nd5 Bxd5 12. exd5 g6 13. c4 Re8 14. f4 Bf8 15. fxe5 dxe5 16. Bg5 h6 17. Bxf6 Nxf6 18. Qf3 Bg7 19. Ne4 Nxe4 20. Qxf7+ Kh7 21. Bxe4 Qg5 22. d6 Rf8 23. Qd5 Rad8 24. c5 Qg4 25. Qd3 h5 26. Rf3 Qe6 27. Bd5 Qc8 28. Rg3 Rf6 29. b4 Rdf8 30. Be4 Qe6 31. Rf3 Rxf3 32. gxf3 Kh6 33. Rg1 g5 34. Bxb7 Qxa2 35. d7 Bf6 36. Qd6 Kg7 37. Be4 Qc4 38. Rxg5+ Kh6 39. Rg6+ Kh7 40. Rxf6+ 1-0

[Event "Slovakia Open Piestany-A 2022"]
[Site "Piestany"]
[Date "2022.07.13"]
[Round "3.31"]
[White "Mizicka, Matus"]
[Black "Michelle Catherina, P."]
[Result "1-0"]
[ECO "C33"]
[WhiteElo "1915"]
[BlackElo "2141"]
[Annotator "ChessBase"]
[PlyCount "183"]
[EventDate "2022.07.12"]
[EventType "swiss"]
[EventCountry "SVK"]
[SourceTitle "playchess.com"]
[Source "ChessBase"]
[SourceQuality "1"]
[TimeControl "40/5400+30:1800+30"]

1. e4 e5 2. f4 exf4 3. Bc4 Nf6 4. Nc3 c6 5. Qf3 d5 6. exd5 Bd6 7. Qe2+ Be7 8. Nf3 O-O 9. O-O b5 10. Bb3 b4 11. Ne4 Nxd5 12. d4 a5 13. Ne5 Qb6 14. Rd1 Nd7 15. Nxd7 Bxd7 16. c4 bxc3 17. bxc3 a4 18. Bc4 Be6 19. Kh1 Rfe8 20. Qf3 f5 21. Nf2 g5 22. Re1 Bf6 23. Qd3 Kg7 24. Bd2 Bd7 25. Rab1 Qc7 26. Qh3 Rab8 27. Bd3 Rxb1 28. Rxb1 Ne3 29. Bxe3 Rxe3 30. Qh5 Qc8 31. h3 Be8 32. Qd1 a3 33. Qb3 Be7 34. Qb6 f3 35. d5 fxg2+ 36. Kxg2 Re5 37. Qd4 Bf6 38. d6 c5 39. d7 Qc6+ 40. Be4 Qxd7 41. Qxd7+ Bxd7 42. Bf3 c4 43. Rb7 Re7 44. Bd5 Bxc3 45. Kf1 f4 46. Bc6 Bxc6 47. Rxe7+ Kg8 48. Rc7 Bf3 49. Rxc4 Bg7 50. Ra4 Bf8 51. Ng4 Bxg4 52. hxg4 Kf7 53. Ra7+ Be7 54. Ke2 Kf6 55. Ra6+ Ke5 56. Rh6 Bc5 57. Kf3 Kd4 58. Rxh7 Ke5 59. Rg7 Kf6 60. Rc7 Bd6 61. Rc6 Ke5 62. Ra6 Kd5 63. Ra7 Ke6 64. Rg7 Be7 65. Ke4 Kf6 66. Rh7 Ke6 67. Rh6+ Bf6 68. Rg6 Kf7 69. Kf5 Bd8 70. Ra6 Be7 71. Rb6 Bd8 72. Rb3 Be7 73. Rb7 f3 74. Rb3 f2 75. Rf3 Bc5 76. Kxg5+ Kg7 77. Kh4 Kg6 78. Rf5 Be3 79. Kg3 Bd4 80. Kg2 Bb6 81. Rb5 Be3 82. Ra5 Bd4 83. Rxa3 Kg5 84. Ra8 Be3 85. Rg8+ Kf6 86. a4 Bb6 87. Rf8+ Kg5 88. Rxf2 Kxg4 89. Rb2 Be3 90. a5 Kf5 91. a6 Bd4 92. Rb7 1-0

[Event "Slovakia Open Piestany-A 2022"]
[Site "Piestany"]
[Date "2022.07.13"]
[Round "3.32"]
[White "Walter, Ema"]
[Black "Paluska, Karol"]
[Result "1-0"]
[ECO "B06"]
[WhiteElo "2000"]
[BlackElo "1957"]
[Annotator "ChessBase"]
[PlyCount "69"]
[EventDate "2022.07.12"]
[EventType "swiss"]
[EventCountry "SVK"]
[SourceTitle "playchess.com"]
[Source "ChessBase"]
[SourceQuality "1"]
[TimeControl "40/5400+30:1800+30"]

1. e4 g6 2. d4 Bg7 3. Nf3 d6 4. h3 c5 5. c3 Qc7 6. Be3 Nf6 7. Bd3 a6 8. Nbd2 b5 9. a4 c4 10. Bc2 Bb7 11. axb5 axb5 12. Rxa8 Bxa8 13. Qa1 Bb7 14. d5 e5 15. dxe6 fxe6 16. Nd4 Qd7 17. Nxb5 Nxe4 18. Nxc4 O-O 19. Nd4 e5 20. Nf3 Nc5 21. Ncd2 Qb5 22. Qa2+ Kh8 23. c4 Qd7 24. b4 Ne6 25. O-O Nc6 26. Qb1 Ncd4 27. Bxd4 Bxf3 28. Nxf3 Rxf3 29. Be4 Nxd4 30. Bxf3 Nxf3+ 31. gxf3 Qxh3 32. Qe4 Bf6 33. Ra1 Bg5 34. Qb7 Qh4 35. Qf7 1-0

[Event "Slovakia Open Piestany-A 2022"]
[Site "Piestany"]
[Date "2022.07.13"]
[Round "4.1"]
[White "Moroni, Luca Jr"]
[Black "Kozak, Antoni"]
[Result "1/2-1/2"]
[ECO "B13"]
[WhiteElo "2584"]
[BlackElo "2475"]
[Annotator "ChessBase"]
[PlyCount "155"]
[EventDate "2022.07.12"]
[EventType "swiss"]
[EventCountry "SVK"]
[SourceTitle "playchess.com"]
[Source "ChessBase"]
[SourceQuality "1"]
[TimeControl "40/5400+30:1800+30"]

1. d4 d5 2. Bf4 c5 3. e3 cxd4 4. exd4 Nc6 5. c3 f6 6. Nf3 g5 7. Be3 Bf5 8. c4 e6 9. cxd5 exd5 10. Nc3 Bb4 11. Qb3 Nge7 12. Bb5 Ba5 13. O-O Bc7 14. Rfe1 Kf8 15. Rac1 Qd6 16. Bf1 a6 17. g3 Kg7 18. Na4 Ba5 19. Red1 Qb4 20. Qxb4 Bxb4 21. Nc5 b6 22. Na4 Rhb8 23. Bg2 Ra7 24. a3 Bd6 25. Nd2 Be6 26. b4 Rc7 27. Nb1 a5 28. b5 Na7 29. Rxc7 Bxc7 30. Nbc3 Bd6 31. Bc1 Bd7 32. Bf1 Bc7 33. Re1 Kf7 34. Be2 Bd6 35. Kg2 h6 36. Rh1 Kg7 37. h4 Be8 38. hxg5 hxg5 39. f4 gxf4 40. Bxf4 Bxf4 41. gxf4 Nac8 42. Bd3 f5 43. Re1 Kf6 44. Re5 Bf7 45. Kf3 Nd6 46. Ke3 Be6 47. Kd2 Nf7 48. Re1 Ng6 49. Rf1 Nd6 50. Nd1 Ne7 51. Ne3 Bd7 52. Nc3 Be6 53. Rh1 Kg7 54. Rg1+ Kf6 55. Rc1 Rb7 56. Bb1 Rd7 57. Rh1 Kg7 58. Ba2 Ne8 59. Rh5 Nf6 60. Rg5+ Kf7 61. Bb1 Ne4+ 62. Bxe4 dxe4 63. d5 Kf6 64. Kc2 Bxd5 65. Ncxd5+ Rxd5 66. Nxd5+ Nxd5 67. Rg8 Nxf4 68. Kc3 Ke5 69. Re8+ Ne6 70. Rb8 Nc7 71. Kc4 f4 72. Rxb6 f3 73. Rb8 Ne6 74. Rh8 e3 75. b6 f2 76. Rh1 e2 77. b7 f1=Q 78. b8=Q+ 1/2-1/2

[Event "Slovakia Open Piestany-A 2022"]
[Site "Piestany"]
[Date "2022.07.13"]
[Round "4.2"]
[White "Omelja, Artem"]
[Black "Donchenko, Alexander"]
[Result "1-0"]
[ECO "A06"]
[WhiteElo "2478"]
[BlackElo "2640"]
[Annotator "ChessBase"]
[PlyCount "73"]
[EventDate "2022.07.12"]
[EventType "swiss"]
[EventCountry "SVK"]
[SourceTitle "playchess.com"]
[Source "ChessBase"]
[SourceQuality "1"]
[TimeControl "40/5400+30:1800+30"]

1. Nf3 d5 2. e3 c5 3. b3 Nc6 4. Bb2 a6 5. g3 Nf6 6. Bg2 Bg4 7. h3 Bh5 8. g4 Bg6 9. Nh4 e6 10. d3 Bd6 11. Nxg6 hxg6 12. g5 Ng8 13. h4 Be5 14. c3 Nge7 15. Nd2 d4 16. exd4 cxd4 17. c4 Bf4 18. Nf3 Nf5 19. Qe2 a5 20. Qe4 Bc7 21. a3 Bd6 22. Bc1 Qe7 23. Ke2 Kf8 24. Bb2 Rd8 25. Bc1 Kg8 26. Kf1 Rh7 27. Bh3 Rh8 28. Bg4 Qc7 29. Rh3 Bc5 30. Kg2 Bd6 31. Bd2 Qe7 32. Rah1 Qc7 33. h5 gxh5 34. Bxh5 Qc8 35. g6 f6 36. Bg4 Rxh3 37. Bxf5 1-0

[Event "Slovakia Open Piestany-A 2022"]
[Site "Piestany"]
[Date "2022.07.15"]
[Round "4.3"]
[White "Piesik, Piotr"]
[Black "Demchenko, Anton"]
[Result "0-1"]
[ECO "A49"]
[WhiteElo "2440"]
[BlackElo "2653"]
[Annotator "ChessBase"]
[PlyCount "222"]
[EventDate "2022.07.12"]
[EventType "swiss"]
[EventCountry "SVK"]
[SourceTitle "playchess.com"]
[Source "ChessBase"]
[SourceQuality "1"]
[TimeControl "40/5400+30:1800+30"]

1. Nf3 Nf6 2. g3 g6 3. Bg2 Bg7 4. O-O O-O 5. d4 d6 6. Nbd2 a5 7. e4 a4 8. b4 e5 9. dxe5 Nfd7 10. Rb1 Nxe5 11. Nxe5 Bxe5 12. Nf3 Bg7 13. Bg5 Qe8 14. Qd3 a3 15. Rb3 Be6 16. Rxa3 Bc4 17. Qxc4 Rxa3 18. Qxc7 Qc6 19. Qxc6 Nxc6 20. b5 Ne5 21. Nxe5 Bxe5 22. Rc1 Rxa2 23. Bf1 Rc8 24. Bd3 Kf8 25. Kg2 Bd4 26. Re1 f6 27. Be3 Bxe3 28. Rxe3 Rc3 29. Re1 Rca3 30. Rb1 b6 31. h4 Ra1 32. Rb4 Rc3 33. Kf3 Ke7 34. Ke3 Rc5 35. Kf3 h5 36. Kg2 g5 37. hxg5 fxg5 38. Kf3 Rc8 39. Kg2 Ke6 40. Rd4 Rc5 41. f4 Ke7 42. f5 Ra8 43. Kf2 Rh8 44. Ra4 Rc7 45. Ra6 Rb8 46. Ra4 Kf6 47. Rd4 Rd8 48. Kg2 Re7 49. Rd5 Re5 50. Rd4 Rc5 51. Ra4 d5 52. exd5 Rcxd5 53. Ra7 R5d7 54. Ra6 Rb8 55. Ra4 Rh8 56. Kh3 Re8 57. Kg2 Red8 58. Ra6 Rd6 59. Ra7 Rh8 60. Rc7 h4 61. Rc4 Rh6 62. Kh3 hxg3+ 63. Kxg3 Rh1 64. Rc8 Rg1+ 65. Kf3 g4+ 66. Kf2 Rh1 67. Kg3 Rd4 68. Rc6+ Kg5 69. Rg6+ Kh5 70. Rxb6 Rh3+ 71. Kg2 Kg5 72. Rg6+ Kf4 73. f6 Rg3+ 74. Kf2 Rf3+ 75. Kg2 Ke5 76. b6 Rxf6 77. Rg5+ Kd6 78. Rb5 Rf8 79. b7 Kc7 80. Kg3 Rf3+ 81. Kg2 Kb8 82. Rb6 Re3 83. Kf2 Rf3+ 84. Kg2 Rh3 85. Kf2 Rf4+ 86. Kg2 Re3 87. Rb5 g3 88. Rf5 Rh4 89. Rf7 Rh2+ 90. Kg1 Rd2 91. Ba6 Re1+ 92. Rf1 Rxf1+ 93. Kxf1 Rxc2 94. Bd3 Rf2+ 95. Kg1 Kxb7 96. Be4+ Kc7 97. Bd5 Kd6 98. Bb7 Ke5 99. Bc6 Kf4 100. Bd5 Rd2 101. Bb7 Rc2 102. Bd5 Rc5 103. Bb7 Kg4 104. Be4 Rb5 105. Bc6 Rb6 106. Be4 Rb2 107. Kf1 Kh3 108. Kg1 g2 109. Bc2 Kg3 110. Bd3 Ra2 111. Bb1 Re2 0-1

[Event "Slovakia Open Piestany-A 2022"]
[Site "Piestany"]
[Date "2022.07.13"]
[Round "4.5"]
[White "Niedbala, Bartlomiej"]
[Black "Sahidi, Samir"]
[Result "1/2-1/2"]
[ECO "B12"]
[WhiteElo "2381"]
[BlackElo "2462"]
[Annotator "ChessBase"]
[PlyCount "43"]
[EventDate "2022.07.12"]
[EventType "swiss"]
[EventCountry "SVK"]
[SourceTitle "playchess.com"]
[Source "ChessBase"]
[SourceQuality "1"]
[TimeControl "40/5400+30:1800+30"]

1. e4 c6 2. d4 d5 3. e5 Bf5 4. h4 h5 5. Bd3 Bxd3 6. Qxd3 e6 7. Nf3 Ne7 8. Bg5 Qa5+ 9. Nbd2 Nf5 10. O-O Qa6 11. c4 Nd7 12. Qc3 dxc4 13. Nxc4 g6 14. Rac1 Nb6 15. Ne3 Bg7 16. Nd2 Na4 17. Qa3 Bf8 18. b4 Nc5 19. Qc3 Na4 20. Qa3 Nc5 21. Qc3 Na4 22. Qa3 1/2-1/2

[Event "Slovakia Open Piestany-A 2022"]
[Site "Piestany"]
[Date "2022.07.13"]
[Round "4.6"]
[White "Neugebauer, Martin"]
[Black "Dixit, Nikhil"]
[Result "1-0"]
[ECO "C13"]
[WhiteElo "2528"]
[BlackElo "2325"]
[Annotator "ChessBase"]
[PlyCount "131"]
[EventDate "2022.07.12"]
[EventType "swiss"]
[EventCountry "SVK"]
[SourceTitle "playchess.com"]
[Source "ChessBase"]
[SourceQuality "1"]
[TimeControl "40/5400+30:1800+30"]

1. e4 e6 2. d4 d5 3. Nc3 Nf6 4. Bg5 dxe4 5. Nxe4 Be7 6. Bxf6 Bxf6 7. Nf3 Bd7 8. Bd3 Bc6 9. c3 Nd7 10. Qe2 Qe7 11. O-O O-O 12. b4 b6 13. Rfe1 g6 14. a4 a5 15. b5 Bb7 16. Ned2 c5 17. Be4 Bxe4 18. Qxe4 cxd4 19. cxd4 Bg7 20. Rac1 Nf6 21. Qc6 Qd8 22. Nc4 Nd5 23. Nce5 Ra7 24. Qc2 Qd6 25. Qb1 Bh6 26. Rc6 Qd8 27. h4 Rb7 28. h5 gxh5 29. g3 Nb4 30. Rc3 f6 31. Nc6 Qd5 32. Nxb4 axb4 33. Qxb4 h4 34. Qc4 hxg3 35. fxg3 Qxc4 36. Rxc4 Kf7 37. Rc6 Re8 38. Kf2 Bf8 39. Rh1 Kg7 40. Rhc1 Bb4 41. R1c4 Ba5 42. Ke3 Rd7 43. g4 h6 44. Ke4 Kf7 45. Rc8 Rxc8 46. Rxc8 Kg6 47. Rc6 Kf7 48. Nh4 Be1 49. Nf3 Ba5 50. Nh2 Re7 51. Nf1 Kg6 52. Ne3 Kg5 53. Rc8 Rg7 54. Re8 h5 55. gxh5 f5+ 56. Ke5 f4 57. Nc4 Bb4 58. h6 Rc7 59. Nd6 Kxh6 60. Ne4 f3 61. Rxe6+ Kh5 62. Rxb6 Kg4 63. Rg6+ Kh4 64. Rf6 Re7+ 65. Kf4 Kh5 66. Ng3+ 1-0

[Event "Slovakia Open Piestany-A 2022"]
[Site "Piestany"]
[Date "2022.07.13"]
[Round "4.7"]
[White "Gretarsson, Helgi Ass"]
[Black "Pniaczek, Marek"]
[Result "1/2-1/2"]
[ECO "D35"]
[WhiteElo "2472"]
[BlackElo "2312"]
[Annotator "ChessBase"]
[PlyCount "97"]
[EventDate "2022.07.12"]
[EventType "swiss"]
[EventCountry "SVK"]
[SourceTitle "playchess.com"]
[Source "ChessBase"]
[SourceQuality "1"]
[TimeControl "40/5400+30:1800+30"]

1. c4 e6 2. Nc3 d5 3. d4 Nf6 4. cxd5 exd5 5. Bg5 c6 6. e3 Bd6 7. Bd3 O-O 8. Qc2 h6 9. Bh4 Re8 10. Nf3 Be6 11. O-O Nbd7 12. Rab1 a5 13. Ne2 Qb8 14. Bg3 Nh5 15. Bxd6 Qxd6 16. Nd2 Rac8 17. Rbc1 b6 18. a3 c5 19. Bb5 Red8 20. Qa4 Nhf6 21. Rfd1 Bg4 22. f3 Be6 23. dxc5 Nxc5 24. Qf4 Qxf4 25. Nxf4 Bd7 26. Bxd7 Ncxd7 27. Nb1 g5 28. Ne2 Rxc1 29. Rxc1 Re8 30. Rc3 d4 31. Nxd4 Nd5 32. Rc1 Rxe3 33. Rd1 N7f6 34. Kf2 Re8 35. Nb5 Rc8 36. N1c3 Rc5 37. Rd2 Kg7 38. g3 Kg6 39. Ke2 Nxc3+ 40. Nxc3 Re5+ 41. Kd3 h5 42. Kc4 Rc5+ 43. Kd4 Kf5 44. Re2 Nd7 45. Nd5 Rc1 46. Ne7+ Kf6 47. Nd5+ Kf5 48. Ne3+ Kf6 49. Nd5+ 1/2-1/2

[Event "Slovakia Open Piestany-A 2022"]
[Site "Piestany"]
[Date "2022.07.13"]
[Round "4.8"]
[White "Stefansson, Vignir Vatnar"]
[Black "Straka, Jozef"]
[Result "1-0"]
[ECO "A33"]
[WhiteElo "2461"]
[BlackElo "2300"]
[Annotator "ChessBase"]
[PlyCount "74"]
[EventDate "2022.07.12"]
[EventType "swiss"]
[EventCountry "SVK"]
[SourceTitle "playchess.com"]
[Source "ChessBase"]
[SourceQuality "1"]
[TimeControl "40/5400+30:1800+30"]

1. c4 Nf6 2. Nf3 e6 3. g3 c5 4. Bg2 Nc6 5. O-O a6 6. Nc3 Be7 7. d4 cxd4 8. Nxd4 Qc7 9. b3 O-O 10. Bb2 d6 11. Rc1 Nxd4 12. Qxd4 Bd7 13. Rfd1 Rfd8 14. h3 Rab8 15. Kh2 b6 16. e4 Qb7 17. b4 e5 18. Qe3 Be6 19. Nd5 Nxd5 20. exd5 Bf5 21. Bxe5 dxe5 22. d6 Qd7 23. dxe7 Qxe7 24. Rxd8+ Qxd8 25. Qxe5 Be6 26. c5 bxc5 27. bxc5 Rc8 28. Rc2 Qc7 29. Qe2 Qa5 30. c6 h6 31. Bf1 Qf5 32. c7 a5 33. Qd3 Qh5 34. Qb5 Qd1 35. Qd3 Qb1 36. Rc6 Qe1 37. Qe2 Qb1 1-0

[Event "Slovakia Open Piestany-A 2022"]
[Site "Piestany"]
[Date "2022.07.13"]
[Round "4.9"]
[White "Sharma Isha"]
[Black "Haring, Filip"]
[Result "1/2-1/2"]
[ECO "B46"]
[WhiteElo "2236"]
[BlackElo "2451"]
[Annotator "ChessBase"]
[PlyCount "97"]
[EventDate "2022.07.12"]
[EventType "swiss"]
[EventCountry "SVK"]
[SourceTitle "playchess.com"]
[Source "ChessBase"]
[SourceQuality "1"]
[TimeControl "40/5400+30:1800+30"]

1. e4 c5 2. Nf3 e6 3. d4 cxd4 4. Nxd4 a6 5. Bd3 Nc6 6. Nxc6 bxc6 7. O-O d5 8. Nc3 Nf6 9. Re1 Be7 10. e5 Nd7 11. Qg4 g6 12. Bh6 Rb8 13. Nd1 Qa5 14. Re2 Qb4 15. Qh3 Qh4 16. Qxh4 Bxh4 17. c3 c5 18. c4 Nb6 19. Ne3 Be7 20. b3 Bb7 21. cxd5 Nxd5 22. Rc1 Kd7 23. Rd2 Rhd8 24. Nc4 Bc6 25. Na5 Bb5 26. Be4 Kc7 27. h3 Nb4 28. a3 Nd5 29. Rdc2 Kb6 30. Bd2 Rbc8 31. Nc4+ Ka7 32. Ba5 Rd7 33. Bxd5 exd5 34. Nb6 Rcd8 35. Nxd7 Rxd7 36. a4 Bd3 37. Ra2 Bf5 38. Bd2 Be6 39. Rb2 Rb7 40. b4 d4 41. b5 c4 42. Bb4 Bxb4 43. Rxb4 axb5 44. axb5 Kb6 45. Rbxc4 Bxc4 46. Rxc4 Rd7 47. Kf1 Kxb5 48. Rc8 Rd5 49. f4 1/2-1/2

[Event "Slovakia Open Piestany-A 2022"]
[Site "Piestany"]
[Date "2022.07.13"]
[Round "4.10"]
[White "Samunenkov, Ihor"]
[Black "Hrbek, Stepan"]
[Result "1-0"]
[ECO "B54"]
[WhiteElo "2448"]
[BlackElo "2272"]
[Annotator "ChessBase"]
[PlyCount "49"]
[EventDate "2022.07.12"]
[EventType "swiss"]
[EventCountry "SVK"]
[SourceTitle "playchess.com"]
[Source "ChessBase"]
[SourceQuality "1"]
[TimeControl "40/5400+30:1800+30"]

1. e4 c5 2. Nc3 Nc6 3. Nf3 d6 4. Bb5 Bd7 5. Bxc6 Bxc6 6. d4 cxd4 7. Nxd4 Nf6 8. Qe2 e6 9. f3 d5 10. e5 Nd7 11. f4 a6 12. Be3 Qc7 13. O-O b5 14. f5 exf5 15. e6 Nf6 16. Bf4 Qc8 17. e7 Bxe7 18. Bd6 Ne4 19. Bxe7 Kxe7 20. Nxf5+ Kd7 21. Nxe4 dxe4 22. Rad1+ Kc7 23. Nd6 Qe6 24. Rxf7+ Bd7 25. Qxe4 1-0

[Event "Slovakia Open Piestany-A 2022"]
[Site "Piestany"]
[Date "2022.07.13"]
[Round "4.11"]
[White "Turcan, Richard"]
[Black "Kostolansky, Sebastian Lukas"]
[Result "1/2-1/2"]
[ECO "B47"]
[WhiteElo "2304"]
[BlackElo "2406"]
[Annotator "ChessBase"]
[PlyCount "134"]
[EventDate "2022.07.12"]
[EventType "swiss"]
[EventCountry "SVK"]
[SourceTitle "playchess.com"]
[Source "ChessBase"]
[SourceQuality "1"]
[TimeControl "40/5400+30:1800+30"]

1. e4 c5 2. Nf3 e6 3. d4 cxd4 4. Nxd4 Nc6 5. Nc3 Qc7 6. Qd3 Nxd4 7. Qxd4 a6 8. Be3 b5 9. a4 b4 10. Na2 Rb8 11. Qa7 Qxa7 12. Bxa7 Ra8 13. Bd4 Bb7 14. f3 Nf6 15. c3 bxc3 16. Nxc3 h5 17. Be2 h4 18. Kf2 Rh6 19. Rhb1 Bb4 20. Na2 Bd2 21. b4 d5 22. exd5 Nxd5 23. b5 Rg6 24. g3 hxg3+ 25. hxg3 f6 26. Rh1 Rh6 27. Rxh6 Bxh6 28. f4 e5 29. fxe5 fxe5 30. Bxe5 Ke7 31. bxa6 Bxa6 32. Bf3 Rf8 33. Re1 Bd2 34. Rd1 Be3+ 35. Kg2 Be2 36. Bxe2 Rf2+ 37. Kh3 Rxe2 38. Nc3 Nxc3 39. Bxc3 Bf2 40. Bd4 Bxd4 41. Rxd4 Ra2 42. Rf4 Ra3 43. Kg4 Kd6 44. Rb4 Kc5 45. Rf4 Kd6 46. Kh3 Ke6 47. Rg4 g5 48. Rb4 Kf5 49. Rb5+ Kg6 50. Rb4 Kf5 51. Rc4 Ra1 52. Rc5+ Kg6 53. Rc6+ Kf5 54. Rc5+ Kg6 55. Ra5 Kh5 56. g4+ Kg6 57. Ra6+ Kf7 58. Kg3 Ra3+ 59. Kf2 Kg7 60. a5 Ra4 61. Kf3 Rf4+ 62. Kg3 Ra4 63. Ra8 Kh7 64. a6 Kg7 65. a7 Ra3+ 66. Kf2 Ra2+ 67. Ke3 Ra3+ 1/2-1/2

[Event "Slovakia Open Piestany-A 2022"]
[Site "Piestany"]
[Date "2022.07.13"]
[Round "4.12"]
[White "Moksh Amit Doshi"]
[Black "Palchuk, Andrii"]
[Result "1/2-1/2"]
[ECO "D46"]
[WhiteElo "2409"]
[BlackElo "2248"]
[Annotator "ChessBase"]
[PlyCount "81"]
[EventDate "2022.07.12"]
[EventType "swiss"]
[EventCountry "SVK"]
[SourceTitle "playchess.com"]
[Source "ChessBase"]
[SourceQuality "1"]
[TimeControl "40/5400+30:1800+30"]

1. d4 Nf6 2. c4 e6 3. Nf3 d5 4. Nc3 c6 5. e3 Nbd7 6. Qc2 Bd6 7. Be2 dxc4 8. Bxc4 b5 9. Be2 Bb7 10. O-O O-O 11. e4 e5 12. dxe5 Nxe5 13. Nd4 Neg4 14. g3 Bxg3 15. hxg3 Qxd4 16. Qd1 Qxd1 17. Rxd1 Rad8 18. Bf4 Rxd1+ 19. Rxd1 Re8 20. b4 a6 21. Rd4 Ne5 22. Rd6 Ned7 23. Be3 Nf8 24. Bd1 Re7 25. Rd8 Re8 26. Rd3 Bc8 27. f3 Be6 28. Rd6 Rc8 29. f4 Ne8 30. Rd2 f6 31. Ne2 Bc4 32. Nd4 Nd6 33. Bf3 Re8 34. e5 fxe5 35. fxe5 Rxe5 36. Bf4 Ne4 37. Rc2 Re8 38. Nxc6 Ng6 39. Bc7 Bd5 40. Nb8 Nf6 41. Be2 1/2-1/2